Map: Tourmaline LE

Players

Reynor

  • Race: Zerg Zerg
  • League: Master
  • Spawn Location: 1:00

trigger - Winner!

  • Race: Protoss Protoss
  • League: Grandmaster
  • Spawn Location: 7:00

VOD

Have the link to the VOD?

Description

Time

  • Played on: Jan. 31, 2026, 11:37 a.m.
  • Length: 9:31
Show
View Real Time Build Order
Export as new Build Order

Reynor Zerg 

Build Orders: Hatch First 

Get SALT Encoding   

  12  0:00  Drone  
  13  0:07  Drone  
  14  0:14  Extractor, Drone  
  14  0:21  Overlord  
  15  0:39  Drone  
  16  0:45  Hatchery  
  16  0:49  Drone  
  16  0:52  Drone  
  16  0:56  Drone  
  18  1:06  Extractor  
  17  1:11  Spawning Pool  
  17  1:14  Drone  
  17  1:18  Drone  
  18  1:26  Drone  
  19  1:37  Drone  
  20  1:47  Drone  
  21  1:58  Queen x2, Zergling x2  
  21  2:00  Overlord  
  26  2:09  Drone  
  26  2:10  Drone  
  26  2:12  Metabolic Boost  
  28  2:18  Drone  
  28  2:20  Drone  
  30  2:31  Drone x2  
  30  2:34  Queen  
  34  2:44  Hatchery  
  34  2:48  Overlord  
  34  2:50  Zergling x2  
  34  2:52  Drone  
  34  2:54  Drone  
  36  3:02  Overlord  
  36  3:07  Drone x3  
  36  3:08  Drone x2  
  36  3:09  Drone  
  36  3:11  Zergling x2  
  43  3:15  Overlord  
  43  3:18  Drone  
  44  3:26  Drone  
  45  3:29  Zergling x2  
  46  3:36  Overlord  
  46  3:38  Roach Warren, Drone x3  
  46  3:40  Drone  
  49  3:44  Drone x3  
  49  3:46  Extractor  
  51  3:50  Overlord  
  51  3:52  Drone  
  52  3:57  Zergling x2  
  52  3:58  Queen  
  52  4:01  Drone  
  52  4:02  Lair  
  56  4:05  Drone  
  56  4:08  Drone  
  56  4:09  Drone x2  
  60  4:10  Drone  
  60  4:12  Drone  
  60  4:14  Drone x2  
  64  4:17  Drone x2  
  64  4:20  Zergling x2  
  67  4:24  Drone  
  67  4:26  Drone  
  67  4:27  Extractor  
  67  4:28  Extractor, Overlord  
  66  4:34  Zergling x2  
  66  4:36  Zergling x2  
  68  4:39  Zergling x2  
  68  4:41  Overlord  
  68  4:42  Zergling x8  
  68  4:43  Zergling x2  
  74  4:49  Roach x2  
  74  4:50  Roach  
  79  4:59  Overlord  
  79  5:00  Roach  
  79  5:01  Roach  
  79  5:06  Roach x3  
  88  5:08  Roach  
  88  5:10  Glial Reconstitution  
  88  5:12  Roach x4  
  88  5:14  Overlord  
  98  5:21  Roach x2, Zergling x2  
  102  5:24  Overlord  
  102  5:28  Zergling x2  
  103  5:32  Ravager x3  
  103  5:34  Spine Crawler, Zergling x6  
  108  5:38  Overlord  
  108  5:39  Zergling x6  
  108  5:40  Zergling x2  
  108  5:41  Zergling x2  
  113  5:43  Zergling x2  
  113  5:46  Ravager  
  113  5:47  Overlord  
  113  5:49  Zergling x8  
  118  5:52  Ravager  
  119  5:59  Ravager  
  119  6:01  Zergling x4  
  119  6:03  Overlord  
  119  6:06  Roach, Ravager  
  119  6:09  Zergling x6  
  123  6:12  Zergling x2  
  123  6:16  Zergling x6, Roach  
  127  6:21  Overlord  
  127  6:23  Roach  
  119  6:28  Roach  
  119  6:32  Roach  
  107  6:35  Roach  
  107  6:36  Roach  
  107  6:38  Zergling x6  
  107  6:39  Queen  
  114  6:43  Zergling x2  
  114  6:46  Roach  
  115  6:48  Roach  
  115  6:50  Spine Crawler  
  115  6:52  Ravager x2  
  115  6:53  Roach Warren  
  115  6:55  Roach  
  115  6:56  Roach x3  
  115  6:59  Roach x2, Zergling x4  
  115  7:00  Queen  
  120  7:02  Roach  
  120  7:04  Zergling x4  
  120  7:05  Zergling x2  
  120  7:08  Zergling x2  
  117  7:12  Roach  
  112  7:17  Roach  
  112  7:19  Roach  
  100  7:23  Roach  
  100  7:27  Roach  
  100  7:29  Roach  
  103  7:33  Roach x2, Zergling x2  
  103  7:34  Roach  
  108  7:38  Roach  
  108  7:41  Zergling x10  
  108  7:42  Zergling x2  
  108  7:43  Zergling x2  
  112  7:45  Roach  
  112  7:51  Ravager  
  112  7:52  Ravager x2, Zergling x2  
  112  7:53  Zergling x2  
  114  7:59  Zergling x2  
  114  8:00  Ravager  
  114  8:01  Zergling x4  
  114  8:04  Roach x3  
  120  8:09  Roach x2, Zergling x4  
  120  8:10  Overlord  
  120  8:11  Roach, Zergling x2  
  124  8:15  Roach x2  
  125  8:20  Roach  
  125  8:22  Queen  
  125  8:25  Zergling x2  
  126  8:29  Roach  
  126  8:33  Roach x2, Zergling x2  
  126  8:34  Zergling x2  
  128  8:40  Roach x2, Zergling x2  
  128  8:41  Zergling x10  
  117  8:46  Roach  
  98  8:51  Roach  
  98  8:53  Roach  
  78  8:56  Roach  
  78  9:00  Roach x3  
  72  9:04  Roach x2  
  72  9:06  Roach x2  
  74  9:11  Zergling x4  
  74  9:12  Zergling x2  
  74  9:14  Zergling x2  
Show
View Real Time Build Order
Export as new Build Order

trigger Protoss - Winner!

Build Orders: 1 Gate Expand, Blink Stalkers 

Get SALT Encoding   

  12  0:00  Probe  
  13  0:12  Probe  
  14  0:19  Pylon  
  14  0:24  Probe  
  15  0:33  Probe  
  15  0:37  Gateway  
  15  0:42  Assimilator, Probe  
  17  0:53  Probe  
  18  1:05  Probe  
  19  1:17  Probe  
  20  1:23  Nexus  
  20  1:32  Cybernetics Core  
  20  1:35  Probe  
  21  1:40  Assimilator  
  21  1:48  Probe  
  21  1:51  Pylon  
  22  1:59  Probe  
  23  2:06  Stalker  
  23  2:07  Probe  
  26  2:16  Warp Gate  
  26  2:18  Probe  
  27  2:27  Probe  
  27  2:30  Twilight Council  
  27  2:32  Probe  
  27  2:35  Probe  
  29  2:37  Stalker  
  29  2:40  Probe  
  32  2:44  Probe  
  32  2:51  Probe  
  34  2:55  Blink  
  34  2:57  Probe  
  36  2:58  Gateway  
  36  3:02  Probe  
  37  3:09  Probe  
  37  3:10  Probe  
  38  3:18  Probe  
  39  3:21  Probe, Robotics Facility  
  41  3:29  Probe, Assimilator  
  41  3:33  Probe  
  43  3:35  Pylon  
  43  3:38  Assimilator  
  43  3:41  Probe  
  43  3:45  Probe  
  45  3:48  Gateway  
  45  3:49  Gateway  
  45  3:54  Probe  
  46  3:58  Warp Prism  
  46  4:02  Gateway  
  46  4:03  Gateway  
  48  4:14  Stalker  
  48  4:16  Stalker  
  52  4:20  Pylon  
  52  4:24  Pylon  
  52  4:33  Observer  
  52  4:35  Gateway  
  53  4:44  Stalker x3  
  59  4:46  Stalker  
  59  4:49  Pylon  
  61  4:56  Pylon  
  61  5:08  Stalker x4  
  69  5:24  Stalker x2  
  73  5:30  Stalker x2  
  73  5:31  Stalker  
  73  5:32  Stalker  
  81  5:41  Zealot  
  83  5:48  Zealot  
  85  5:55  Pylon  
  85  5:57  Pylon  
  85  6:11  Warp Prism  
  85  6:14  Stalker x4  
  85  6:15  Zealot x3  
  81  6:36  Stalker x3  
  87  6:51  Stalker x4  
  81  7:26  Stalker x7  
  83  7:49  Stalker x5  
  83  7:50  Stalker x2  
  97  7:54  Pylon  
  95  8:08  Stalker x2  
  99  8:17  Stalker x4  
  99  8:18  Stalker  
  109  8:33  Pylon  
  98  8:49  Stalker x6  
  98  8:51  Warp Prism  
Tags
 
Add a new tag
Caveats
  • Supply blocks, unpowered buildings, or Contaminate may cause inaccurate times.
  • Supply counts are checked every 10 seconds.